 Dungeon Crawl Stone Soup version 0.30-a0-219-gf2db51d15e (webtiles) character file.

Game seed: 4643375868738044889

36 Iusername the Covered (level 3, -2/30 (33) HPs)
             Began as a Minotaur Fighter on Oct 6, 2022.
             Slain by an adder (3 damage)
             ... on level 2 of the Dungeon.
             The game lasted 00:01:07 (818 turns).

Iusername the Covered (Minotaur Fighter)             Turns: 818, Time: 00:01:07

HP:   -2/30 (33)    AC:  0    Str: 22    XL:     3   Next: 19%
MP:   2/2           EV: 13    Int:  5    God:
Gold: 52            SH:  0    Dex:  9    Spells: 2/2 levels left

rFire   . . .      SeeInvis .    (weapon currently unavailable)
rCold   . . .      Faith    .    (shield currently unavailable)
rNeg    . . .      Spirit   .    (body armour currently unavailable)
rPois   .          Reflect  .    (helmet currently unavailable)
rElec   .          Harm     .    (cloak currently unavailable)
rCorr   .          Rampage  .    (gloves currently unavailable)
Will    .....                    (boots currently unavailable)
Stlth   +.........               (no amulet)
HPRegen 0.25/turn                (ring currently unavailable)
MPRegen 0.08/turn                (ring currently unavailable)

@: mighty, pig-form, drained, invisible, very quick
A: fast, no casting, small, (horns 2), (retaliatory headbutt)
a: no special abilities


You were on level 2 of the Dungeon.
You were a filthy swine.
You visited 1 branch of the dungeon, and saw 2 of its levels.

You collected 52 gold pieces.

Inventory:

Hand Weapons
 a - a +0 trident (melded)
Armour
 b - a +0 scale mail (melded)
 c - a +0 buckler (melded)
 j - a +0 pair of gloves (melded)
Jewellery
 e - an amulet of reflection
Scrolls
 f - a scroll of teleportation {unknown}
 g - a scroll of blinking {unknown}
 i - a scroll of amnesia {unknown}
Potions
 h - a potion of curing {unknown}
 l - a potion of brilliance {unknown}


   Skills:
 + Level 4.1 Fighting
 + Level 2.6 Polearms
 + Level 4.3 Armour
 + Level 4.1 Shields


You had 2 spell levels left.
You didn't know any spells.
Your spell library contained the following spells:

 Spells                   Type           Power      Damage    Failure   Level
 Call Canine Familiar     Summ           0%         N/A       85%         3
 Portal Projectile        Hex/Tloc       0%         N/A       85%         3
 Leda's Liquefaction      Hex/Erth       0%         N/A       99%         4


Dungeon Overview and Level Annotations

Branches:
Dungeon (2/15)

Altars:

Annotations:
D:2 Terence


Innate Abilities, Weirdness & Mutations

You are a filthy swine.
You move quickly.
Your equipment is almost entirely melded.
You are incapable of wielding weapons or throwing items.
You cannot cast spells.
((You have a pair of horns on your head.))
((You reflexively headbutt those who attack you in melee.))


Message History

Terence hits you with a +2 morningstar of draining.
You feel drained.
You closely miss Terence.
Terence is almost dead.
You feel sick. The adder bites you. Terence barely misses you.
Unknown command.
You closely miss Terence.
Terence is almost dead.
You feel sick. The adder bites you. Terence closely misses you.
You barely miss Terence.
Terence is almost dead.
You feel sick. The adder completely misses you. Terence misses you.
The adder barely misses you.
Unknown command.
You barely miss Terence.
Terence is almost dead.
You feel sick. Terence barely misses you. The adder bites you.
Unknown command.
You hit Terence but do no damage.
Terence is almost dead.
You feel sick. The adder closely misses you. Terence closely misses you.
Unknown command.
You are too injured to fight recklessly!
Unknown command.
You are too injured to fight recklessly!
Unknown command.
You are too injured to fight recklessly!
You feel very mighty all of a sudden.
You feel sick.
You are no longer poisoned.
The adder closely misses you.
Terence hits you with a +2 morningstar of draining!
* * * LOW HITPOINT WARNING * * *
You feel drained.
* * * LOW HITPOINT WARNING * * *
You are too injured to fight recklessly!
It was a potion of invisibility.
You fade into invisibility!
The adder bites you.
You die...

##+#######
.........#
.........#
.........#
?........#
.........#
......@S.#
######## ###
#..h####......#
#..
###......####.#
#..
#####.[#<##.#
#.. #..#....#
#..
#...########..
##.........'.^
##....#####..
####..##.†..
##..'....


You could see Terence (unable to see you) and an adder (unable to see you).

Vanquished Creatures
  An endoplasm (D:1)
  A giant cockroach (D:1)
  7 hobgoblins
  A quokka (D:1)
  5 ball pythons (D:1)
  6 bats (D:1)
  A frilled lizard (D:1)
  5 goblins (D:1)
  2 kobolds
  3 rats (D:1)
32 creatures vanquished.

Notes
Turn   | Place    | Note
-------+----------+-------------------------------------------
     0 | D:1      | Iusername the Minotaur Fighter began the quest for the Orb.
     0 | D:1      | Reached XP level 1. HP: 19/19 MP: 0/0
   160 | D:1      | Reached XP level 2. HP: 26/27 MP: 1/1
   539 | D:1      | Reached XP level 3. HP: 33/33 MP: 2/2
   805 | D:2      | Noticed Terence
   817 | D:2      | HP: 1/30 [Terence/+2 morningstar of draining (2)]
   818 | D:2      | Slain by an adder

Illustrated notes

Levels and vault maps discovered:
D:1:      psy_arrival_dodecagon, layout_loops_ring
D:2:      layout_basic, chequers_ecumenical_altar_grove, basic_altar,
          uniq_terence, uniq_robin

Skill      XL: |  1  2 |
---------------+-------+-----
Shields        | 4 |  4.1
Fighting       | 4 |  4.1
Armour         | 4 |  4.3
Polearms       | |  2.6

Action                   || total
-------------------------++-------
Melee: Trident           ||    69
       Headbutt          ||    10
       Unarmed           ||     6
  Use: Potion            ||     2
Armor: Scale mail        ||    21
Dodge: Dodged            ||    35
Block: Buckler           ||    12

Table legend: (Time is in decaauts)
 A = Elapsed time spent in this place.
 B = Non-inter-level travel time spent in this place.
 C = Inter-level travel time spent in this place.
 D = Time resting spent in this place.
 E = Time spent auto-exploring this place.
 F = Levels seen in this place.
 G = Mean time per level.
                   A        B        C        D        E       F      G
               +--------+--------+--------+--------+--------+-----+--------+
         Total |    832 |    816 |     16 |      0 |    639 |   2 |  416.0 |
       Dungeon |    832 |    816 |     16 |      0 |    639 |   2 |  416.0 |
               +--------+--------+--------+--------+--------+-----+--------+

Top non-repeatable levels by time:
     D:1: 725 daAuts
     D:2: 106 daAuts
